 Dungeon Crawl Stone Soup version 0.18.1-48-g4cf74bf (webtiles) character file.

295828 nikopol the Phalangite (level 20, -3/280 HPs)
             Began as a Minotaur Berserker on June 24, 2016.
             Was the Champion of Trog.
             Slain by a mace of protection (4 damage)
             ... on level 3 of the Elven Halls.
             The game lasted 02:42:10 (43753 turns).

nikopol the Phalangite (Minotaur Berserker)        Turns: 43753, Time: 02:42:11

Health: -3/280     AC: 37    Str: 33      XL:     20   Next: 6%
Magic:  19/19      EV: 18    Int:  4      God:    Trog [******]
Gold:   3490       SH:  6    Dex: 19 (20) Spells: 0 memorised, 19 levels left

rFire  + . .     SeeInvis +     x - +10 glaive of Scorn {drain, +Inv Dex+3}
rCold  + + .     Gourm    .     a - +5 gold dragon armour
rNeg   . . .     Faith    .     (shield currently unavailable)
rPois  +         Spirit   .     m - +1 hat {SInv}
rElec  .         Dismiss  .     t - +1 cloak
rCorr  .         Reflect  +     j - +1 pair of gloves
SustAt .         Harm     .     E - +2 pair of boots of the Assassin {DetectMon Stab+ Stlth++}
MR     ++...                    I - +6 amulet of reflection
Stlth  ..........               P - ring "Guumoiz" {*Drain rC+ MR+ Str-3 Dex+3 SInv}
                                w - +4 ring of strength

@: berserking (expiring), lethally poisoned (-3 -> -3), very quick, very
resistant to hostile enchantments, extremely unstealthy
A: retaliatory headbutt, horns 2, deterioration 1
a: Berserk, Trog's Hand, Brothers in Arms, Burn Spellbooks, Renounce Religion,
Evoke Invisibility
}: 2/15 runes: decaying, serpentine


You were on level 3 of the Elven Halls.
You worshipped Trog.
Trog was exalted by your worship.
You were not hungry.

You visited 6 branches of the dungeon, and saw 36 of its levels.
You visited the Abyss 1 time.
You also visited: Ice Cave.

You collected 3560 gold pieces.
You spent 70 gold pieces at shops.

Inventory:

Hand Weapons
 c - a +9 shortbow of evasion
 x - the +10 glaive of Scorn (weapon) {drain, +Inv Dex+3}
   (Trog gifted it to you on level 12 of the Dungeon)

   A truly terrible weapon, it drains the life of those it strikes.
   It affects your dexterity (+3).
   It lets you turn invisible.
 B - a +5 antimagic halberd
 L - a +5 longbow of freezing
Missiles
 r - 1248 arrows (quivered)
Armour
 a - a +5 gold dragon armour (worn)
 j - a +1 pair of gloves (worn)
 m - a +1 hat of see invisible (worn)
 t - a +1 cloak (worn)
 E - the +2 pair of boots of the Assassin (worn) {DetectMon Stab+ Stlth++}
   (You found it on level 4 of the Dungeon)

   It makes you much more stealthy.
 V - the +2 pair of gloves of Repulsion {rElec, unknown}
   (You took it off Nikola on level 3 of the Elven Halls)

   It insulates you from electricity.
Jewellery
 w - a +4 ring of strength (left hand)
 I - a +6 amulet of reflection (around neck)
 P - the ring "Guumoiz" (right hand) {*Drain rC+ MR+ Str-3 Dex+3 SInv}
   (You found it on level 7 of the Dungeon)

   [ring of see invisible]

   It affects your strength (-3).
   It affects your dexterity (+3).
   It protects you from cold.
   It affects your resistance to hostile enchantments.
   It lets you see invisible.
   It causes draining when unequipped.
 W - an uncursed ring of protection from fire
Wands
 D - a wand of heal wounds (9/9)
 M - a wand of teleportation (9/9)
 N - a wand of lightning (14/15)
 Y - a wand of disintegration (16/24)
 Z - a wand of heal wounds (6/9)
Scrolls
 g - 17 scrolls of remove curse
 l - 6 scrolls of recharging
 n - 11 scrolls of teleportation
 p - 3 scrolls of identify
 s - a scroll of enchant armour
 u - 4 scrolls of magic mapping
 y - 4 scrolls of fog
 O - 2 scrolls of fear
 R - a scroll of summoning
 U - 2 scrolls of blinking
Potions
 e - 12 potions of curing
 f - a potion of cancellation
 h - 2 potions of ambrosia
 i - a potion of brilliance
 o - 6 potions of haste
 q - a potion of resistance
 v - 3 potions of agility
 z - 3 potions of heal wounds
 A - 4 potions of berserk rage
 G - 3 potions of invisibility
 J - 5 potions of cure mutation
 K - 2 potions of flight
 S - 7 potions of might
Miscellaneous
 C - a legendary deck of destruction {Venom}
Comestibles
 b - 13 royal jellies
 k - 22 meat rations
 F - 13 beef jerkies
 Q - 17 bread rations
 T - 34 fruits


   Skills:
 + Level 18.0 Fighting
 - Level 22.5 Polearms
 * Level 16.2 Bows
 + Level 17.9 Armour
 + Level 16.9 Dodging


You had 19 spell levels left.
You didn't know any spells.

Dungeon Overview and Level Annotations

Branches:
Dungeon (15/15)            Temple (0/1) D:7            Lair (8/8) D:10
  Swamp (4/4) Lair:4        Snake (4/4) Lair:6        Slime (0/6) Lair:6
    Orc (2/2) D:10            Elf (3/3) Orc:2        Vaults (0/5) D:13
 Depths (0/5) D:15

Altars:
Ashenzari
Cheibriados
Dithmenos
Elyvilon
Gozag
Makhleb
Okawaru
Pakellas
Qazlal
Ru
Vehumet
Xom
Yredelemnul
The Shining One
Jiyva

Shops:
D:9 (   Orc:2 [*[(:   Elf:2 :   Snake:3 (


Innate Abilities, Weirdness & Mutations

You reflexively headbutt those who attack you in melee.
You have a pair of horns on your head.
Your body sometimes deteriorates upon taking damage.


Message History

You furiously retaliate!
You headbutt the mace of protection!!
The deep elf annihilator mumbles some strange words.
The deep elf annihilator blinks!
The deep elf mage mumbles some strange words.
The deep elf mage blinks!
The deep elf master archer shoots an arrow.
The arrow hits you!!
* * * LOW HITPOINT WARNING * * *
The deep elf death mage completely misses you.
You furiously retaliate!
You headbutt the deep elf death mage!
You chop the ghostly deep elf death mage into pieces!!!
You destroy the ghostly deep elf death mage!
Trog appreciates your killing of a magic user.
The lost soul fades away!
The deep elf elementalist mumbles some strange words.
The deep elf elementalist seems to speed up.
The deep elf high priest closely misses you.
You block the deep elf death mage's attack.
The mace of protection hits you.
You die... #### #..# ).## ##..## §..## #....# ....## #....#### {...⌠. ....<...## (e*. #....###.# ee###.. #..<.# ### ##eeeee.. #....# #@eeeeeee ....## #..)e(##eee.... ##..# #....x## ee).

# ##.##
#.....e# #..e
.# ##.##
#⌠.###.)
#ee###.⌠#
##.## #.. .e#
##.....e.#
##.## ## e.#
###.......#
##.##
.*e##:.eee...#
##.#
......e(ee.#


You could see 2 deep elf blademasters, 2 deep elf master archers, 2 deep elf
annihilators, a ghostly deep elf annihilator, 5 deep elf death magi, 3 deep elf
sorcerers, 2 deep elf elementalists, a deep elf archer, 2 deep elf knights, 3
deep elf high priests, a deep elf mage, a small abomination, 2 lost souls and 2
dancing weapons.

Vanquished Creatures
  Mara (Swamp:3)
  Nikola (Elf:3)
  A bone dragon (Abyss:3)
  Frances (Swamp:2)
  2 tentacled starspawn (Abyss:3)
  7 thorn hunters
  8 greater nagas
  Kirke (D:12)
  Donald (Snake:1)
  A deep elf sorcerer (Elf:3)
  An orc warlord (Orc:1)
  Maud (Lair:6)
  3 very ugly things
  2 stone giants (Orc:1)
  A lorocyproca (Abyss:3)
  A deep elf demonologist (Elf:1)
  A deep elf annihilator (Elf:3)
  Snorg (Lair:7)
  2 deep elf death magi (Elf:3)
  An eidolon (Abyss:3)
  A great orb of eyes (Abyss:3)
  A rakshasa (Abyss:3)
  A deep elf high priest (Elf:2)
  13 naga warriors
  37 hydras
  A ghost crab (Swamp:4)
  4 centaur warriors
  Erica (Orc:1)
  6 alligators
  8 anacondas
  22 dancing weapons
  5 death yaks (Lair:8)
  Urug (D:10)
  22 naga sharpshooters
  4 thrashing horrors (Abyss:3)
  7 orc high priests
  A hell hog (shapeshifter) (Abyss:3)
  15 deep elf knights
  6 shock serpents
  A spatial maelstrom (Abyss:3)
  A skeletal warrior (D:13)
  3 wretched stars (Abyss:3)
  A shadow wraith (Abyss:3)
  A salamander mystic (Snake:4)
  2 unseen horrors
  7 starcursed masses (Abyss:3)
  8 naga ritualists
  A shambling mangrove (Swamp:4)
  4 deep elf archers
  9 swamp dragons
  A necromancer (IceCv)
  3 orc knights
  3 hill giants
  A wolf spider zombie (D:15)
  A shining eye (shapeshifter) (Elf:2)
  22 ugly things
  15 mana vipers
  3 orc sorcerers
  59 deep elf magi
  3 cyclopes
  A worldbinder (Abyss:3)
  6 elephants (Lair:8)
  9 salamanders
  A hornet (Swamp:4)
  3 griffons
  3 centaur zombies
  A manticore (D:11)
  A guardian serpent (Snake:4)
  42 black mambas
  28 naga magi
  3 ice statues (IceCv)
  3 gargoyles
  A torpor snail (Lair:8)
  A smoke demon (Abyss:3)
  A kobold demonologist (D:13)
  16 spiny frogs
  An orange demon (Abyss:3)
  6 yaktaurs
  10 komodo dragons
  An efreet (Abyss:3)
  6 rime drakes
  A freezing wraith (D:14)
  6 ice devils (IceCv)
  An anaconda simulacrum (Abyss:3)
  6 trolls
  3 spriggan druids
  A tengu conjurer (D:14)
  8 giant leeches
  2 two-headed ogres (D:15)
  A queen bee (Lair:1)
  9 polar bears
  A harpy skeleton (D:13)
  10 blink frogs
  The ghost of TBriggs11TB the Ducker, an amateur DsGl of Ru (D:4)
  32 slime creatures
  8 large abominations (Abyss:3)
  9 bog bodies
  3 raiju (Abyss:3)
  A boulder beetle (Lair:6)
  A flying skull (Abyss:3)
  A redback (shapeshifter) (D:15)
  8 redbacks (Lair:8)
  4 shadows
  21 spriggans
  53 yaks
  3 air elementals
  3 water elementals
  A vampire (D:14)
  A yak (shapeshifter) (D:13)
  A wraith (Abyss:3)
  4 basilisks
  A fire bat (shapeshifter) (D:15)
  3 chaos spawn (Abyss:3)
  2 hogs (D:12)
  2 steam dragons
  A hungry ghost (D:15)
  19 vampire mosquitoes
  3 fire elementals
  9 hippogriffs
  3 insubstantial wisps (Swamp:1)
  15 swamp worms
  4 small abominations (Abyss:3)
  A soldier ant (shapeshifter) (D:13)
  A warg (Orc:2)
  Edmund (D:6)
  52 nagas
  Duvessa (D:5)
  3 sky beasts
  12 swamp drakes
  10 porcupines
  16 water moccasins
  41 orc warriors
  21 wasps
  2 ice beasts
  5 black bears
  An eye of draining (D:9)
  A phantom (D:4)
  27 wolves
  4 boggarts (D:15)
  A necrophage (D:12)
  17 ogres
  13 crocodiles
  24 centaurs
  6 big kobolds
  22 giant frogs
  2 earth elementals (Elf:2)
  2 wyvern zombies
  Dowan (D:5)
  A wyvern skeleton (D:13)
  4 scorpions
  34 killer bees
  4 wights (D:15)
  An electric eel (Lair:8)
  2 howler monkeys
  3 lava snakes (Lair:7)
  3 crimson imps
  2 quasits
  2 giant frog zombies
  14 orc priests
  Crazy Yiuf (D:6)
  4 draconian simulacra (IceCv)
  A hound (D:11)
  7 centaur skeletons
  An iron imp (Abyss:3)
  3 jellies (D:12)
  25 orc wizards
  A giant frog skeleton (D:13)
  Ijyb (D:3)
  5 iguanas
  Natasha (D:3)
  7 worker ants
  3 troll simulacra (IceCv)
  7 sheep (Lair:8)
  A killer bee zombie (D:6)
  A centaur simulacrum (IceCv)
  A hound skeleton (D:4)
  A worker ant zombie (D:5)
  Robin (D:3)
  An ogre simulacrum (IceCv)
  13 adders
  4 gnolls (D:8)
  A naga simulacrum (IceCv)
  43 river rats
  6 shadow imps
  2 white imps (Abyss:3)
  An ufetubus (Abyss:3)
  2 oozes (D:1)
  An adder skeleton (D:7)
  An adder zombie (D:6)
  4 worms
  4 dart slugs
  5 giant geckos
  92 orcs
  7 ball pythons
  4 giant cockroaches
  9 goblins
  7 hobgoblins
  12 jackals
  4 quokkas
  13 bats
  5 giant newts
  10 kobolds
  2 quokka skeletons
  9 rats
  A briar patch (Swamp:4)
  2 fungi
  5 plants
  A starspawn tentacle (Abyss:3)
1453 creatures vanquished.

Vanquished Creatures (others)
  A centaur warrior (D:15)
  A naga sharpshooter (Snake:4)
  Sonja (Lair:2)
  Joseph (D:10)
  2 yaktaurs
  A blink frog (Swamp:4)
  A human (D:12)
  A wasp (D:3)
  A centaur (D:13)
  18 fungi
  10 plants
  5 starspawn tentacles (Abyss:3)
  56 starspawn tentacle segments (Abyss:3)
  6 toadstools (Swamp:1)
105 creatures vanquished.

Grand Total: 1558 creatures vanquished

Notes
Turn   | Place    | Note
--------------------------------------------------------------
     0 | D:1      | nikopol the Minotaur Berserker began the quest for the Orb.
     0 | D:1      | Reached XP level 1. HP: 19/19 MP: 0/0
   113 | D:1      | Reached skill level 4 in Polearms
   118 | D:1      | Reached XP level 2. HP: 19/26 MP: 1/1
   453 | D:1      | Reached XP level 3. HP: 29/33 MP: 2/2
   737 | D:2      | Reached ** piety under Trog
   949 | D:2      | Found an opulent altar of Gozag.
  1340 | D:2      | Found a radiant altar of Vehumet.
  1348 | D:2      | Reached XP level 4. HP: 40/40 MP: 3/3
  1391 | D:2      | Found a sacrificial altar of Ru.
  1706 | D:3      | Reached *** piety under Trog
  1779 | D:3      | Noticed Robin
  1783 | D:3      | Killed Robin
  1856 | D:3      | Found an oddly glowing altar of Pakellas.
  1856 | D:3      | Noticed an orange crystal statue
  1857 | D:3      | Noticed a wasp
  1893 | D:3      | Noticed Ijyb
  1903 | D:3      | Killed Ijyb
  1907 | D:3      | Reached XP level 5. HP: 47/47 MP: 4/4
  1910 | D:3      | Reached skill level 5 in Polearms
  1920 | D:3      | Killed a wasp
  2099 | D:3      | Noticed Natasha
  2103 | D:3      | Killed Natasha
  2303 | D:3      | Reached skill level 5 in Fighting
  2627 | D:3      | Reached XP level 6. HP: 46/56 MP: 5/5
  3057 | D:4      | Reached **** piety under Trog
  3157 | D:4      | Noticed TBriggs11TB's ghost (amateur DsGl)
  3165 | D:4      | Killed TBriggs11TB's ghost
  3165 | D:4      | Reached skill level 6 in Polearms
  3165 | D:4      | Reached skill level 5 in Armour
  3165 | D:4      | Reached skill level 5 in Dodging
  3165 | D:4      | Reached XP level 7. HP: 62/62 MP: 6/6
  3623 | D:5      | Entered Level 5 of the Dungeon
  3629 | D:5      | Found a burning altar of Makhleb.
  3663 | D:5      | Noticed Dowan
  3666 | D:5      | Noticed Duvessa
  3674 | D:5      | Killed Duvessa
  3674 | D:5      | Reached XP level 8. HP: 65/71 MP: 7/7
  3678 | D:5      | Killed Dowan
  4013 | D:5      | Found a basalt altar of Yredelemnul.
  4043 | D:5      | Found a glowing golden altar of the Shining One.
  4045 | D:5      | Noticed an angel
  4181 | D:5      | Noticed a profane servitor
  4206 | D:6      | Reached skill level 7 in Polearms
  4324 | D:6      | Noticed Crazy Yiuf
  4329 | D:6      | Killed Crazy Yiuf
  4398 | D:6      | Noticed Edmund
  4409 | D:6      | Killed Edmund
  4472 | D:6      | Found a snail-covered altar of Cheibriados.
  4615 | D:7      | Found a shimmering altar of Xom.
  4758 | D:7      | Found an iron altar of Okawaru.
  4758 | D:7      | Found a white marble altar of Elyvilon.
  4791 | D:7      | Got a bound amber ring
  4792 | D:7      | Identified the ring "Guumoiz" {*Drain rC+ MR+ Str-3 Dex+3 SInv} (You found it on level 7 of the Dungeon)
  4833 | D:7      | Found a staircase to the Ecumenical Temple.
  5100 | D:8      | Reached skill level 8 in Polearms
  5100 | D:8      | Reached skill level 1 in Bows
  5281 | D:8      | Reached XP level 9. HP: 74/79 MP: 8/8
  5503 | D:8      | Found an opulent altar of Gozag.
  5706 | D:8      | Found a stormy altar of Qazlal.
  5767 | D:8      | Received a gift from Trog
  5784 | D:8      | Reached skill level 9 in Polearms
  6222 | D:9      | Found Joathemurgh's Antique Weapon Shoppe.
  6502 | D:9      | Noticed a white ugly thing
  6517 | D:9      | Killed a white ugly thing
  6517 | D:9      | Reached skill level 5 in Bows
  6518 | D:9      | Reached ***** piety under Trog
  6748 | D:9      | Reached XP level 10. HP: 90/90 MP: 9/9
  6774 | D:9      | Found a shadowy altar of Dithmenos.
  6889 | D:9      | Found a shattered altar of Ashenzari.
  7112 | D:10     | Entered Level 10 of the Dungeon
  7131 | D:10     | Found a staircase to the Lair.
  7172 | D:10     | Found a staircase to the Orcish Mines.
  7203 | D:10     | Noticed Joseph
  7213 | D:10     | Killed Joseph
  7213 | D:10     | Reached skill level 10 in Polearms
  7616 | D:10     | Noticed Urug
  7637 | D:10     | Killed Urug
  7886 | Lair:1   | Entered Level 1 of the Lair of Beasts
  8504 | Lair:1   | Reached skill level 11 in Polearms
  8597 | Lair:1   | Reached XP level 11. HP: 97/97 MP: 10/10
  8620 | Lair:1   | Received a gift from Trog
  8865 | Lair:1   | Noticed a seven-headed hydra
  8878 | Lair:1   | Killed a seven-headed hydra
  9253 | Lair:1   | Reached skill level 10 in Fighting
  9626 | Lair:2   | Noticed Sonja
  9632 | Lair:2   | Killed Sonja
  9785 | Lair:2   | Reached skill level 12 in Polearms
  9816 | Lair:2   | Reached skill level 10 in Armour
 10454 | Lair:2   | Noticed a six-headed hydra
 10463 | Lair:2   | Killed a six-headed hydra
 10598 | Lair:2   | Reached XP level 12. HP: 107/107 MP: 11/11
 10942 | Lair:3   | Reached ****** piety under Trog
 10942 | Lair:3   | Received a gift from Trog
 10947 | Lair:3   | Noticed a four-headed hydra
 10952 | Lair:3   | Killed a four-headed hydra
 11436 | Lair:3   | Reached skill level 10 in Dodging
 11438 | Lair:3   | Reached skill level 13 in Polearms
 11612 | Lair:3   | Received a gift from Trog
 11718 | Lair:3   | Reached skill level 10 in Bows
 12023 | Lair:4   | Found a staircase to the Swamp.
 12240 | Lair:4   | Noticed a six-headed hydra
 12249 | Lair:4   | Killed a six-headed hydra
 12298 | Lair:4   | Noticed a four-headed hydra
 12313 | Lair:4   | Killed a four-headed hydra
 12743 | Lair:4   | Received a gift from Trog
 12780 | Lair:4   | Identified 2 scrolls of acquirement
 13397 | Lair:5   | Reached XP level 13. HP: 116/116 MP: 12/12
 13491 | Lair:6   | Noticed Maud
 13506 | Lair:6   | Killed Maud
 13660 | Lair:6   | Found a staircase to the Snake Pit.
 13870 | Lair:6   | Reached skill level 14 in Polearms
 13895 | Lair:6   | Found a viscous altar of Jiyva.
 13896 | Lair:6   | Found a staircase to the Slime Pits.
 14485 | Lair:7   | Received a gift from Trog
 14668 | Lair:7   | Noticed Snorg
 14677 | Lair:7   | Killed Snorg
 14696 | Lair:7   | Received a gift from Trog
 15471 | Lair:8   | Entered Level 8 of the Lair of Beasts
 15526 | Lair:8   | Received a gift from Trog
 15669 | Lair:8   | Received a gift from Trog
 16055 | Lair:8   | Received a gift from Trog
 16055 | Lair:8   | Reached skill level 15 in Polearms
 16453 | Lair:8   | Got an encrusted quarterstaff {god gift}
 16454 | Lair:8   | Identified the +9 quarterstaff "Qionuomm" {flame, rPois} (Trog gifted it to you on level 8 of the Lair of Beasts)
 16776 | Lair:8   | Reached XP level 14. HP: 119/126 MP: 13/13
 17904 | Orc:1    | Entered Level 1 of the Orcish Mines
 17916 | Orc:1    | Noticed a stone giant
 17941 | D:10     | Received a gift from Trog
 18198 | Orc:1    | Killed a stone giant
 18380 | Orc:1    | Noticed Erica
 18396 | Orc:1    | Killed Erica
 18661 | Orc:2    | Entered Level 2 of the Orcish Mines
 18661 | Orc:2    | Found Memeylu's Antique Armour Boutique.
 18665 | Orc:2    | Received a gift from Trog
 19594 | Orc:2    | Noticed an orc warlord
 19634 | Orc:1    | Killed an orc warlord
 19634 | Orc:1    | Reached skill level 16 in Polearms
 19662 | Orc:1    | Noticed a stone giant
 19924 | Orc:2    | Received a gift from Trog
 20045 | Orc:1    | Killed a stone giant
 20058 | Orc:2    | Found Renkest's Antique Weapon Shop.
 20147 | Orc:2    | Found Wiosoch's General Store.
 20169 | Orc:2    | Received a gift from Trog
 20371 | Orc:2    | Bought a potion of heal wounds for 70 gold pieces
 20442 | Orc:2    | Found a staircase to the Elven Halls.
 20508 | Orc:2    | Found Ismued's Book Emporium.
 20519 | Orc:2    | Found Viabburo's Armour Emporium.
 20678 | Orc:1    | Received a gift from Trog
 20796 | Orc:1    | Received a gift from Trog
 21896 | D:12     | Received a gift from Trog
 22274 | D:12     | Found a viscous altar of Jiyva.
 22408 | D:12     | Reached XP level 15. HP: 136/136 MP: 14/14
 22465 | D:12     | Noticed Kirke
 22489 | D:12     | Killed Kirke
 23250 | D:13     | Received a gift from Trog
 24363 | D:13     | Reached skill level 17 in Polearms
 25016 | D:13     | Found a gate to the Vaults.
 25628 | D:14     | Found a frozen archway.
 25661 | IceCv    | Entered an ice cave
 26033 | IceCv    | Got a transparent plate armour
 26120 | D:14     | Identified the cursed +1 plate armour of the Ward {Int+3} (You found it in an ice cave)
 26536 | D:14     | Found a shattered altar of Ashenzari.
 26590 | D:15     | Entered Level 15 of the Dungeon
 26919 | D:15     | Received a gift from Trog
 27391 | D:15     | Found a staircase to the Depths.
 27516 | D:15     | Reached XP level 16. HP: 146/146 MP: 4/15
 27741 | D:15     | Reached skill level 15 in Bows
 28046 | D:12     | Received a gift from Trog
 28050 | D:12     | Got a slimy glaive {god gift}
 28051 | D:12     | Identified the +10 glaive of Scorn {drain, +Inv Dex+3} (Trog gifted it to you on level 12 of the Dungeon)
 28280 | Swamp:1  | Entered Level 1 of the Swamp
 28293 | Swamp:1  | Reached skill level 18 in Polearms
 28314 | Swamp:1  | Noticed a thorn hunter
 28330 | Swamp:1  | Killed a thorn hunter
 28478 | Swamp:1  | Noticed a thorn hunter
 28488 | Swamp:1  | Killed a thorn hunter
 29164 | Swamp:1  | Received a gift from Trog
 29406 | Swamp:2  | Noticed a thorn hunter
 29418 | Swamp:2  | Killed a thorn hunter
 29918 | Swamp:2  | Received a gift from Trog
 29922 | Swamp:2  | Noticed Frances
 29948 | Swamp:2  | Killed Frances
 29948 | Swamp:2  | Reached skill level 19 in Polearms
 30388 | Swamp:3  | Noticed a thorn hunter
 30401 | Swamp:3  | Killed a thorn hunter
 30423 | Swamp:3  | Reached skill level 15 in Fighting
 30478 | Swamp:3  | Noticed Mara
 30497 | Swamp:3  | Noticed nikopol's illusion
 30511 | Swamp:3  | Killed Mara
 30538 | Swamp:3  | Reached XP level 17. HP: 104/156 MP: 16/16
 31178 | Swamp:4  | Entered Level 4 of the Swamp
 31657 | Swamp:4  | Reached skill level 15 in Armour
 31698 | Swamp:4  | Received a gift from Trog
 32070 | Swamp:4  | Received a gift from Trog
 32251 | Swamp:4  | Reached skill level 20 in Polearms
 32509 | Swamp:4  | Received a gift from Trog
 32571 | Swamp:4  | Got a decaying rune of Zot
 33018 | Snake:1  | Entered Level 1 of the Snake Pit
 33257 | Snake:1  | Received a gift from Trog
 33507 | Snake:1  | Noticed Donald
 33522 | Snake:1  | Killed Donald
 33778 | Snake:1  | Received a gift from Trog
 34763 | Snake:2  | Reached skill level 15 in Dodging
 34969 | Snake:2  | Reached XP level 18. HP: 153/166 MP: 17/17
 35052 | Snake:2  | Received a gift from Trog
 36069 | Snake:3  | Reached skill level 21 in Polearms
 36380 | Snake:3  | Got a polished halberd
 36381 | Snake:3  | Identified the +3 halberd of the Assorted Blessings {chop, rC+} (You found it on level 3 of the Snake Pit)
 36643 | Snake:3  | Found Lis Edap's Antique Weapon Shop.
 36764 | Snake:3  | Received a gift from Trog
 36967 | Snake:3  | Got an ichor-stained scale mail
 36989 | Snake:3  | Identified the +4 scale mail of Miracles {MR+ Int+7 Stlth+} (You found it on level 3 of the Snake Pit)
 37259 | Snake:4  | Entered Level 4 of the Snake Pit
 37807 | Snake:4  | Received a gift from Trog
 38436 | Snake:4  | Received a gift from Trog
 38541 | Snake:4  | Received a gift from Trog
 39166 | Snake:4  | Got a serpentine rune of Zot
 39182 | Snake:4  | Reached skill level 22 in Polearms
 39238 | Snake:4  | Received a gift from Trog
 39778 | Elf:1    | Entered Level 1 of the Elven Halls
 39806 | Elf:1    | Noticed a Brimstone Fiend
 39819 | Elf:1    | Reached XP level 19. HP: 171/177 MP: 18/18
 40735 | Elf:1    | Gained mutation: Your body sometimes deteriorates upon taking damage. [a neqoxec]
 40873 | Elf:1    | Received a gift from Trog
 41702 | Elf:2    | Found Leniacu's Book Emporium.
 41795 | Elf:2    | Found a huge runed gate.
 41795 | Elf:2    | Found a huge runed gate.
 41795 | Elf:2    | Found a huge runed gate.
 41795 | Elf:2    | Found a huge runed gate.
 41796 | Elf:2    | Found a huge runed gate.
 42360 | Elf:2    | Received a gift from Trog
 42727 | Elf:3    | Entered Level 3 of the Elven Halls
 42780 | Elf:3    | Noticed Nikola
 42791 | Elf:3    | Killed Nikola
 42793 | Elf:3    | Got a pair of encrusted gloves
 42823 | Elf:3    | HP: 8/177 [deep elf mage/bolt of lightning (11)]
 43050 | Elf:3    | Cast into level 3 of the Abyss (a deep elf sorcerer)
 43050 | Abyss:3  | Found a corrupted altar of Lugonu.
 43226 | Abyss:3  | Noticed a bone dragon
 43242 | Abyss:3  | Killed a bone dragon
 43427 | Abyss:3  | Found a corrupted altar of Lugonu.
 43636 | Abyss:3  | Lost intelligence.
 43687 | Abyss:3  | Reached XP level 20. HP: 165/187 MP: 14/17
 43728 | Elf:3    | Escaped the Abyss
 43752 | Elf:3    | HP: 1/280 [deep elf master archer/arrow (19)]
 43753 | Elf:3    | Slain by a mace of protection

Skill      XL: |  1  2  3  4  5  6  7  8  9 10 11 12 13 14 15 16 17 18 19 20 |
---------------+-------------------------------------------------------------+-----
Polearms       | 4 5 6 8 9 11 12 13 15 16 17 19 20 22 | 22.5
Armour         | 3 4 5 7 9 10 11 12 13 14 15 16 17 | 17.9
Dodging        | 3 4 5 6 7 8 9 10 11 12 13 14 15 16 | 16.9
Fighting       | 4 5 6 7 8 9 10 11 12 13 14 15 16 17 18 | 18.0
Bows           | 1 5 7 9 10 12 13 14 15 16 | 16.2

Action                   |  1- 3 |  4- 6 |  7- 9 | 10-12 | 13-15 | 16-18 | 19-21 || total
-------------------------+-------+-------+-------+-------+-------+-------+-------++-------
Melee: Spear             |   141 |   143 |   178 |       |       |       |       ||   462
       Headbutt          |    16 |    23 |    58 |   136 |   383 |   176 |   103 ||   895
       Trident           |       |       |   136 |   449 |   940 |       |       ||  1525
       Halberd           |       |       |       |       |   385 |    38 |       ||   423
       Glaive            |       |       |       |       |       |   774 |   430 ||  1204
 Fire: Shortbow          |       |       |    78 |   101 |   397 |  1252 |   245 ||  2073
       Longbow           |       |       |       |   249 |   471 |       |       ||   720
Invok: Berserk           |       |     5 |     5 |     6 |     5 |     4 |     5 ||    30
       Burn Spellbooks   |       |     1 |     1 |     6 |     8 |     3 |       ||    19
  Use: Scroll            |       |       |       |    31 |    17 |     7 |     5 ||    60
       Potion            |       |       |       |       |     1 |       |     2 ||     3
 Stab: Sleeping          |     1 |     1 |     5 |     1 |       |       |       ||     8
       Distracted        |       |       |       |     1 |       |       |     1 ||     2
  Eat: Chunk             |     2 |     8 |    15 |    25 |    47 |    35 |    13 ||   145
       Royal jelly       |       |     1 |     1 |       |       |       |       ||     2
       Fruit             |       |       |       |     1 |     1 |     2 |       ||     4
       Beef jerky        |       |       |       |     1 |       |       |       ||     1
       Pizza             |       |       |       |       |     1 |     4 |     2 ||     7
Armor: Animal skin       |    22 |     6 |       |       |       |       |       ||    28
       Ring mail         |       |    28 |    21 |    75 |       |       |       ||   124
       Scale mail        |       |       |    45 |    69 |       |       |       ||   114
       Gold dragon armou |       |       |       |    11 |   693 |   444 |   165 ||  1313
Dodge: Dodged            |    56 |    65 |    96 |   303 |   515 |   480 |   154 ||  1669
Block: Other             |       |       |    43 |   125 |   305 |   213 |    59 ||   745
       Reflection        |       |       |     1 |    10 |    26 |    28 |     4 ||    69
